 Dungeon Crawl Stone Soup version 0.22-a0-422-g9628fc8 (webtiles) character file.

304 Borgoz the Skirmisher (level 6, -1/38 HPs)
             Began as a Gargoyle Abyssal Knight on May 19, 2018.
             Was a Priest of Lugonu.
             Slain by a gnoll sergeant
             ... wielding a +0 spear
              (8 damage)
             ... on level 2 of the Dungeon.
             The game lasted 00:04:59 (3463 turns).

Borgoz the Skirmisher (Gargoyle Abyssal Knight)     Turns: 3463, Time: 00:05:00

Health: -1/38      AC:  7    Str: 15    XL:     6   Next: 38%
Magic:  8/8        EV: 12    Int: 13    God:    Lugonu [***...]
Gold:   223        SH:  0    Dex: 11    Spells: 5/5 levels left

rFire    . . .     SeeInvis .   a - +1 hand axe
rCold    . . .     Gourm    .   (no shield)
rNeg     + . .     Faith    .   b - +0 leather armour
rPois    ∞         Spirit   .   (no helmet)
rElec    +         Reflect  .   (no cloak)
rCorr    +         Harm     .   (no gloves)
MR       .....                  (no boots)
Stlth    +.........             (no amulet)
HPRegen  0.12/turn              i - ring of resist corrosion
MPRegen  0.11/turn              (no ring)

@: no status effects
A: negative energy resistance 1, electricity resistance, unbreathing,
petrification resistance, rot immunity, AC +4
a: Depart the Abyss, Bend Space, Banish, Renounce Religion


You were on level 2 of the Dungeon.
You worshipped Lugonu.
Lugonu was most pleased with you.
You were hungry.

You visited 1 branch of the dungeon, and saw 3 of its levels.
You visited the Abyss 1 time.

You collected 223 gold pieces.

Inventory:

Hand Weapons
 a - a +1 hand axe (weapon)
Armour
 b - a +0 leather armour (worn)
 k - a +2 leather armour of fire resistance
Jewellery
 i - a ring of resist corrosion (left hand)
Scrolls
 g - 3 scrolls of remove curse {unknown}
 l - a scroll of fog {unknown}
Potions
 d - a potion of mutation
 e - 3 potions of haste
Comestibles
 c - 12 rations


   Skills:
 + Level 4.2 Fighting
 * Level 3.4 Axes
 + Level 3.2 Armour
 * Level 2.8 Dodging
 + Level 3.1 Invocations


You had 5 spell levels left.
You didn't know any spells.
Your spell library was empty.

Dungeon Overview and Level Annotations

Branches:
Dungeon (3/15)

Altars:
Fedhas
Vehumet
The Shining One


Innate Abilities, Weirdness & Mutations

You are resistant to torment.
Your stone body is resilient. (AC +4)
You are immune to poison.
You resist negative energy. (rN+)
You are resistant to electric shocks. (rElec)
You can survive without breathing.
You are immune to petrification.
You are immune to rotting.


Message History

The gnoll barely misses you. The gnoll sergeant barely misses you.
Unknown command.
It was a potion of curing.
You feel better. The gnoll hits you with a spear.
The gnoll sergeant hits you with a spear.
* * * LOW HITPOINT WARNING * * *
It was a potion of magic.
Magic courses through your body. The gnoll completely misses you.
The gnoll sergeant hits you but does no damage.
You hit the gnoll sergeant but do no damage.
The gnoll sergeant is moderately wounded.
You barely miss the gnoll. The gnoll hits you with a spear.
* * * LOW HITPOINT WARNING * * *
The gnoll sergeant hits you with a spear.
* * * LOW HITPOINT WARNING * * *
Unknown command.
You barely miss the gnoll.
The gnoll is moderately wounded.
You hit the gnoll sergeant. The gnoll hits you but does no damage.
The gnoll sergeant hits you with a spear!
You die...

#..# #.#.#......# #.....#
.÷.####.#.#......###.....#
#.....#.#.###.....##.....#
...##.#.#.#######.########
#...#.#.#.##...###### ###
###.#.#.#.##.######8###_###
###.#.#.#.##.####8...8...8###
....#.#...##...##g........####
#####.######.#.#@†........8#.#
#........####g........##.#
#############8...8...8##.####
#.......####8###_####.....
########.####### ### ###
###### .........# ##########


You could see a gnoll sergeant and a gnoll.

Vanquished Creatures
  A bullfrog (D:3)
  A worker ant (D:2)
  7 gnolls
  5 adders
  3 oozes
  3 dart slugs (D:2)
  3 leopard geckos (D:2)
  4 orcs
  3 giant cockroaches
  12 goblins
  6 hobgoblins
  10 jackals
  2 quokkas
  8 bats
  5 frilled lizards
  6 kobolds
  6 rats
85 creatures vanquished.

Notes
Turn   | Place    | Note
-------+----------+-------------------------------------------
     0 | Abyss:1  | Borgoz the Gargoyle Abyssal Knight began the quest for the Orb.
     0 | Abyss:1  | Reached XP level 1. HP: 14/14 MP: 2/2
    32 | Abyss:1  | Noticed a small abomination
    38 | D:1      | Escaped the Abyss
    53 | D:1      | Reached skill level 1 in Dodging
    63 | D:1      | Reached XP level 2. HP: 14/19 MP: 3/3
   102 | D:1      | Reached * piety under Lugonu
   282 | D:1      | Reached XP level 3. HP: 14/23 MP: 4/4
   785 | D:2      | Reached ** piety under Lugonu
  1116 | D:2      | Reached XP level 4. HP: 27/29 MP: 5/5
  1244 | D:2      | Found a glowing golden altar of the Shining One.
  2126 | D:2      | Found a blossoming altar of Fedhas.
  2235 | D:2      | Reached XP level 5. HP: 20/33 MP: 5/7
  2442 | D:3      | Reached skill level 4 in Fighting
  2600 | D:2      | Reached *** piety under Lugonu
  2626 | D:2      | Reached XP level 6. HP: 22/38 MP: 8/8
  3409 | D:2      | Found a radiant altar of Vehumet.
  3463 | D:2      | Slain by a gnoll sergeant

Vault maps used:
D:1:      grunt_arrival_lava_bath, corner_web_ring
D:2:      nicolae_overflow_hidden_temple, tso_oasis_becter,
          guppyfry_early_orc_mine
D:3:      first_ration

Skill      XL: |  1  2  3  4  5 |
---------------+----------------+-----
Dodging        | 1 2 |  2.8
Axes           | 2 3 |  3.4
Fighting       | 4 |  4.2
Armour         | 3 |  3.2
Invocations    | 3 |  3.1

Action                   |  1- 3 |  4- 6 || total
-------------------------+-------+-------++-------
Melee: Hand axe          |   125 |   185 ||   310
Invok: Depart the Abyss  |     1 |       ||     1
  Use: Scroll            |       |     3 ||     3
       Potion            |       |     2 ||     2
  Eat: Chunk             |     1 |     7 ||     8
Armor: Leather armour    |    71 |    79 ||   150
Dodge: Dodged            |   100 |   150 ||   250

Table legend:
 A = Spawn XP
 B = Non-spawn XP
 C = Spawn XP percentage of total XP
 D = Spawn monster count
 E = Non-spawn monster count
 F = Spawn count percentage of total count
 G = Total turns spent on level
                    A         B        C        D         E        F      G
               +---------+---------+-------+---------+---------+-------+---------
         Total |       0 |     435 |   0.0 |       0 |      85 |   0.0 |  3463
               +---------+---------+-------+---------+---------+-------+---------
           D:1 |       0 |      47 |   0.0 |       0 |      27 |   0.0 |   687
           D:2 |       0 |     213 |   0.0 |       0 |      41 |   0.0 |  2021
           D:3 |       0 |     175 |   0.0 |       0 |      17 |   0.0 |   717
               +---------+---------+-------+---------+---------+-------+---------
